 Dungeon Crawl Stone Soup version 0.28-a0-697-g47f3eba078 (webtiles) character file.

Game seed: 10866871801071881418

170 cheechan the Bolt Thrower (level 5, -1/35 HPs)
             Began as an Octopode Hunter on Oct 23, 2021.
             Slain by Grinder (10 damage)
             ... while paralysed by Grinder
             ... on level 3 of the Dungeon.
             The game lasted 00:11:03 (3306 turns).

cheechan the Bolt Thrower (Octopode Hunter)         Turns: 3306, Time: 00:11:03

Health: -1/35      AC:  1    Str: 12    XL:     5   Next: 51%
Magic:  5/5        EV:  2    Int: 14    God:
Gold:   101        SH:  0    Dex: 12    Spells: 4/4 levels left

rFire   . . .      SeeInvis .   i - +2 dagger (venom)
rCold   . . .      Faith    .   (no shield)
rNeg    . . .      Spirit   .   (helmet restricted)
rPois   .          Reflect  .   (no amulet)
rElec   .          Harm     .   (no ring)
rCorr   .          Rampage  .   (no ring)
Will    .....                   (no ring)
Stlth   +++.......              (no ring)
HPRegen 0.11/turn               (no ring)
MPRegen 0.09/turn               (no ring)
                                (no ring)
                                (no ring)

@: paralysed
A: almost no armour, amphibious, 8 rings, camouflage 1, gelatinous body 1,
(nimble swimmer 1), tentacles
a: no special abilities


You were on level 3 of the Dungeon.
You visited 1 branch of the dungeon, and saw 3 of its levels.

You collected 101 gold pieces.

Inventory:

Hand Weapons
 a - a +1 hand crossbow
 b - a +0 short sword
 i - a +2 dagger of venom (weapon)
 k - a +0 war axe
Missiles
 c - 18 bolts
 h - 46 sling bullets
 j - 111 stones (quivered)
 m - 49 arrows
 o - 2 datura-tipped darts
Magical Staves
 e - a staff of death
Wands
 r - a wand of flame (12)
Scrolls
 f - a scroll of enchant armour
 p - a scroll of identify
Potions
 d - 2 potions of curing
 g - a potion of brilliance {unknown}
 l - a potion of flight {unknown}
 n - a potion of invisibility {unknown}
 q - a potion of might {unknown}


   Skills:
 + Level 2.6 Fighting
 + Level 5.6 Crossbows
 + Level 2.3 Dodging
 * Level 3.7 Stealth


You had 4 spell levels left.
You didn't know any spells.
Your spell library contained the following spells:

 Spells                   Type           Power      Damage    Failure   Level
 Gell's Gravitas          Tloc           0%         N/A       65%         3
 Lesser Beckoning         Tloc           0%         N/A       65%         3
 Teleport Other           Tloc           0%         N/A       65%         3


Dungeon Overview and Level Annotations

Branches:
Dungeon (3/15)

Altars:

Annotations:
D:3 Grinder


Innate Abilities, Weirdness & Mutations

You cannot wear most types of armour.
You are amphibious.
You can wear up to eight rings at the same time.
Your skin changes colour to match your surroundings (Stealth+).
Your rubbery body absorbs attacks. (AC +1, EV +1)
((You are camouflaged near water. (Stealth+)))
You have tentacles for arms and can constrict up to eight enemies at once.


Message History

Fire: 21 bolts
Press: ? - help, Q - select action, (/) - cycle Shift-Dir - straight line, f/p - Grinder
Aim: Grinder (moderately wounded, 62% to hit)
You shoot a bolt. The bolt completely misses Grinder.
Grinder gestures at you. You resist with significant effort.
Fire: 20 bolts
Press: ? - help, Q - select action, (/) - cycle Shift-Dir - straight line, f/p - Grinder
Aim: Grinder (moderately wounded, 62% to hit)
You shoot a bolt. The bolt barely misses Grinder.
Grinder blinks!
Fire: 19 bolts
Press: ? - help, Q - select action, (/) - cycle Shift-Dir - straight line, f/p - Grinder
Aim: Grinder (moderately wounded, 62% to hit)
You shoot a bolt. The bolt hits Grinder.
Grinder is moderately wounded.
Grinder hits you!
Grinder says, "Make like a tree!"
Grinder gestures at you. You resist with significant effort.
Your +2 dagger of venom begins to drip with poison!
i - a +2 dagger of venom (weapon)
You hit Grinder. You grab Grinder.
Grinder is moderately wounded.
You constrict Grinder, but do no damage.
Grinder barely misses you.
You hit Grinder but do no damage.
Grinder is moderately wounded.
You constrict Grinder. Grinder hits you.
You writhe in agony.
You hit Grinder. You squeeze Grinder!
Grinder is severely wounded.
You constrict Grinder. Grinder hits you!
You writhe in agony.
* * * LOW HITPOINT WARNING * * *
You hit Grinder.
Grinder is almost dead.
You constrict Grinder. Grinder gestures at you.
You suddenly lose the ability to move!
You lose your grip on Grinder.
Grinder hits you!
You die...

#. #. ####.#######
.......(...#
......(..<.#
...........#
...........#
.......@...# #.##.#
......5....# ##.##.#
...........#####.##.##.#
..####...........##.##.#
. #...........##.##.#
#...........##.##.#
###..######.##.##.#
#.........#.##.....
#.........#.##.##.#


You could see Grinder.

Vanquished Creatures
  Terence (D:2)
  An orc wizard (D:3)
  Ijyb (D:3)
  4 adders
  A worm (D:2)
  4 orcs (D:3)
  8 bats
  6 endoplasms
  4 goblins
  2 hobgoblins
  4 jackals
  3 kobolds (D:1)
  2 quokkas (D:2)
  5 ball pythons
  4 frilled lizards (D:2)
  3 rats (D:1)
53 creatures vanquished.

Notes
Turn   | Place    | Note
-------+----------+-------------------------------------------
     0 | D:1      | cheechan the Octopode Hunter began the quest for the Orb.
     0 | D:1      | Reached XP level 1. HP: 14/14 MP: 1/1
   278 | D:1      | Reached XP level 2. HP: 9/19 MP: 2/2
   873 | D:1      | Found a faded altar of an unknown god.
  1136 | D:2      | Noticed Terence
  1148 | D:2      | Killed Terence
  1149 | D:2      | Reached XP level 3. HP: 1/24 MP: 3/3
  1551 | D:2      | Reached XP level 4. HP: 22/30 MP: 4/4
  1642 | D:2      | Reached skill level 5 in Crossbows
  2665 | D:3      | Reached XP level 5. HP: 17/35 MP: 5/5
  2970 | D:3      | Noticed Ijyb
  2978 | D:3      | Killed Ijyb
  3290 | D:3      | Noticed Grinder
  3305 | D:3      | Paralysed by Grinder for 3 turns
  3306 | D:3      | Slain by Grinder

Illustrated notes

Levels and vault maps discovered:
D:1:      erik_arrival_triangle_small, layout_loops_ring,
          hellmonk_ecumenical_altar_run_dry
D:2:      layout_loops_corners, fountainhead, chequers_serial_rivers_micro_a,
          kennysheep_donut, uniq_terence
D:3:      layout_basic, uniq_ijyb, uniq_grinder

Skill      XL: |  1  2  3  4 |
---------------+-------------+-----
Stealth        | 2 3 |  3.7
Crossbows      | 5 |  5.6
Fighting       | |  2.6
Dodging        | |  2.3

Action                   |  1- 3 |  4- 6 || total
-------------------------+-------+-------++-------
Melee: Dagger            |     2 |     7 ||     9
       Constrict         |     1 |     2 ||     3
       Tentacles         |     1 |     2 ||     3
       Hand crossbow     |       |     3 ||     3
 Fire: Hand crossbow     |    53 |    79 ||   132
  Use: Scroll            |     4 |     2 ||     6
Armor: Skin              |     3 |     3 ||     6
Dodge: Dodged            |    26 |    47 ||    73

Table legend: (Time is in decaauts)
 A = Elapsed time spent in this place.
 B = Non-inter-level travel time spent in this place.
 C = Inter-level travel time spent in this place.
 D = Time resting spent in this place.
 E = Time spent auto-exploring this place.
 F = Levels seen in this place.
 G = Mean time per level.
                   A        B        C        D        E       F      G
               +--------+--------+--------+--------+--------+-----+--------+
         Total |   3337 |   3337 |      0 |   1008 |      0 |   3 | 1112.3 |
       Dungeon |   3337 |   3337 |      0 |   1008 |      0 |   3 | 1112.3 |
               +--------+--------+--------+--------+--------+-----+--------+

Top non-repeatable levels by time:
     D:2: 1720 daAuts
     D:1: 952 daAuts
     D:3: 665 daAuts
